 Dungeon Crawl Stone Soup version 0.30-a0-847-g17996783a1 (webtiles) character file.

Game seed: 11280927752091928194

3138 jasper the Cleaver (level 9, -4/111 (123) HPs)
             Began as a Hill Orc Reaver on Mar 3, 2023.
             Slain by a wight
             ... wielding a +2 great sword of protection
              (7 damage)
             ... on level 7 of the Dungeon.
             The game lasted 00:13:16 (7954 turns).

jasper the Cleaver (Hill Orc Reaver)                Turns: 7954, Time: 00:13:17

HP:   -4/111 (123)  AC: 24    Str: 23    XL:     9   Next: 92%
MP:   11/11         EV:  2    Int: 15    God:
Gold: 269           SH:  0    Dex:  9    Spells: 5/11 levels left

rFire   . . .      SeeInvis .    e - +0 war axe (flame)
rCold   . . .      Faith    .    (no shield)
rNeg    . . .      Spirit   .    f - melded +0 chain mail
rPois   +          Reflect  .    (helmet currently unavailable)
rElec   .          Rampage  .    (cloak currently unavailable)
rCorr   .          NoTele   +    (gloves currently unavailable)
Will    .....                    (boots currently unavailable)
Stlth   +                        (no amulet)
HPRegen 0.38/turn                p - +6 ring of strength
MPRegen 0.12/turn                q - ring of wizardry

@: tree-form, drained
A: stationary, stasis, torment immunity, boosted hp
a: no special abilities


You were on level 7 of the Dungeon.
You were a tree.
You visited 2 branches of the dungeon, and saw 9 of its levels.

You collected 366 gold pieces.
You spent 97 gold pieces at shops.

Inventory:

Hand Weapons
 a - a +0 hand axe
 e - a +0 war axe of flaming (weapon)
 B - a +0 battleaxe
Missiles
 j - 3 datura-tipped darts
 l - 3 poisoned darts
 t - a boomerang (quivered)
 u - a throwing net
Armour
 b - a +0 leather armour
 d - a +0 ring mail
 f - a +0 chain mail (melded)
Jewellery
 p - a +6 ring of strength (left branch)
 q - a ring of wizardry (right branch)
 r - a ring of ice
Wands
 k - a wand of paralysis (20)
 o - a wand of iceblast (12)
Scrolls
 s - a scroll of magic mapping
 v - a scroll of poison
 y - 2 scrolls of enchant armour
Potions
 i - 2 potions of cancellation
 n - a potion of flight {unknown}
 w - a potion of might {unknown}
 x - a potion of resistance {unknown}
 z - a potion of brilliance {unknown}
 A - a potion of magic {unknown}


   Skills:
 + Level 8.7 Fighting
 * Level 13.3 Axes
 + Level 6.4 Armour
 - Level 1.5 Dodging
 - Level 1.5 Spellcasting
 - Level 3.0 Conjurations


You had 5 spell levels left.
You knew the following spells:

 Your Spells              Type           Power      Damage    Failure   Level
a - Kiss of Death         Conj/Necr      20%        2d7       5%          1
b - Passwall              Tmut/Erth      0%         N/A       14%         2
c - Swiftness             Air            1%         N/A       26%         3

Your spell library contained the following spells:

 Spells                   Type           Power      Damage    Failure   Level
 Momentum Strike          Conj/Tloc      10%        3d8       8%          2
 Ensorcelled Hibernation  Hex/Ice        2%         N/A       14%         2
 Hailstorm                Conj/Ice       5%         3d4       16%         3
 Inner Flame              Hex/Fire       1%         N/A       26%         3
 Tukima's Dance           Hex            1%         N/A       26%         3
 Flame Wave               Conj/Fire      5%         2d5       43%         4
 Sticky Flame             Conj/Fire      5%         2d3       43%         4
 Passage of Golubria      Tloc           1%         N/A       65%         4
 Yara's Violent Unravell  Hex/Tmut       0%         3d3       92%         5


Dungeon Overview and Level Annotations

Branches:
Dungeon (8/15)             Temple (1/1) D:5
   Lair: D:8-11

Altars:
Ashenzari
Dithmenos
Elyvilon
Fedhas
Gozag
Hepliaklqana
Kikubaaqudgha
Makhleb
Okawaru
Qazlal
Ru
Sif Muna
Trog
Uskayaw
Vehumet
Wu Jian
Xom
Zin
The Shining One

Shops:
D:1 :   D:6 *

Annotations:
Temple 4 transporters


Message History

You turn into a tree.
Your +0 chain mail melds into your body.
Your roots penetrate the ground.
The wight hits you but does no damage.
You now have 26/115 hp.
You hit the wight but do no damage. The wight hits you with a +0 flail.
* * * LOW HITPOINT WARNING * * *
You take 4 damage, and have 22/115 hp.
You slash the wight! You burn the wight.
The wight is severely damaged.
The wight hits you with a +0 flail.
* * * LOW HITPOINT WARNING * * *
You feel drained.
* * * LOW HITPOINT WARNING * * *
You take 3 damage, and have 19/114 hp.
You barely miss the wight.
The wight is severely damaged.
You slash the wight! You burn the wight.
You destroy the wight!
You hit the wight. You burn the wight.
The wight is moderately damaged.
The wight hits you but does no damage.
You hit the wight. You burn the wight.
The wight is almost destroyed.
The wight hits you but does no damage.
You hit the wight but do no damage.
The wight is almost destroyed.
The wight hits you with a +2 great sword of protection!
* * * LOW HITPOINT WARNING * * *
You feel drained.
* * * LOW HITPOINT WARNING * * *
You take 19 damage, and have 2/111 hp.
You barely miss the wight.
The wight is almost destroyed.
The wight hits you but does no damage.
You closely miss the wight.
The wight is almost destroyed.
You completely miss the wight.
The wight is almost destroyed.
The wight hits you with a +2 great sword of protection!
You die...

#.......##.###.### #........#
#...<...#♣.♣#....# #........#
#.......##.##.##.###........#
#######.##.##...............#
#.#♣b♣####[##..........
#.##b# ##.........)..# #.#bb#
##..............
#.#.####..###..#######.
#.#...♣z.##.....## #...
#.#.#######.###..###.#. #.bb#
#.# ##...#... #.b########)#
#.......
#........##.####.##....
#..#...................
#.######..#......##.... #.#
##........###... ###
##........# #...


You could see a wight.

Vanquished Creatures
  Pikel (D:5)
  Prince Ribbit (D:5)
  Sigmund (D:5)
  2 steam dragons (D:6)
  Menkaure (D:4)
  An acid dragon (D:7)
  A black bear (D:5)
  2 ogres
  A lemure (D:5)
  Blork the orc (D:5)
  A bullfrog (D:7)
  4 scorpions
  A gnoll sergeant (D:5)
  6 wights (D:7)
  2 howler monkeys
  2 jellies
  An orc priest (D:5)
  3 hounds
  Jessica (D:2)
  6 iguanas
  2 sleepcaps
  3 orc wizards
  A killer bee zombie (D:8)
  5 gnolls (D:5)
  9 adders
  A shadow imp (D:7)
  A white imp (D:6)
  An ufetubus (D:4)
  4 worms
  3 dart slugs
  33 orcs
  5 endoplasms
  5 giant cockroaches
  6 goblins
  5 hobgoblins
  5 kobolds
  2 quokkas
  3 ball pythons
  4 bats
  5 frilled lizards
  4 rats
146 creatures vanquished.

Vanquished Creatures (others)
  2 fungi (D:6)
2 creatures vanquished.

Grand Total: 148 creatures vanquished

Notes
Turn   | Place    | Note
-------+----------+-------------------------------------------
     0 | D:1      | jasper the Hill Orc Reaver began the quest for the Orb.
     0 | D:1      | Reached XP level 1. HP: 18/18 MP: 3/3
   234 | D:3      | Found a radiant altar of Vehumet.
   286 | D:3      | Reached XP level 2. HP: 15/25 MP: 4/4
   507 | D:3      | Identified the +0 ring mail of Pan-Flutes {Int+4}
   627 | D:5      | Entered Level 5 of the Dungeon
   662 | D:5      | Noticed a scorpion
   677 | D:4      | Reached skill level 5 in Axes
   677 | D:4      | Reached XP level 3. HP: 19/29 MP: 5/5
   772 | D:1      | Found Sicvall's Book Emporium.
  1059 | D:1      | Found a faded altar of an unknown god.
  1552 | D:2      | Noticed Jessica
  1556 | D:2      | Killed Jessica
  1557 | D:2      | Reached XP level 4. HP: 40/40 MP: 6/6
  1577 | D:2      | Reached skill level 6 in Axes
  2180 | D:3      | Learned a level 2 spell: Passwall
  2184 | D:3      | Learned a level 3 spell: Swiftness
  2238 | D:3      | Reached XP level 5. HP: 46/46 MP: 7/7
  2690 | D:4      | Reached skill level 7 in Axes
  2872 | D:4      | Reached XP level 6. HP: 50/53 MP: 8/8
  3441 | D:4      | Noticed Menkaure
  3449 | D:4      | Killed Menkaure
  3450 | D:4      | Reached skill level 5 in Fighting
  3450 | D:4      | Reached skill level 8 in Axes
  3450 | D:4      | Reached skill level 1 in Armour
  3450 | D:4      | Reached XP level 7. HP: 61/61 MP: 9/9
  3836 | D:5      | Noticed Prince Ribbit
  3853 | D:5      | Killed Prince Ribbit
  3854 | D:5      | Reached skill level 9 in Axes
  3958 | D:5      | Found a white marble altar of Elyvilon.
  3982 | D:5      | Noticed Pikel
  4048 | D:5      | Reached XP level 8. HP: 34/70 MP: 10/10
  4192 | D:5      | Noticed Blork the orc
  4196 | D:5      | Noticed Sigmund
  4205 | D:5      | Killed Blork the orc
  4214 | D:5      | Killed Sigmund
  4215 | D:5      | Reached skill level 10 in Axes
  4838 | D:5      | Killed Pikel
  4839 | D:5      | Reached skill level 11 in Axes
  4839 | D:5      | Reached skill level 5 in Armour
  4839 | D:5      | Reached XP level 9. HP: 26/79 MP: 11/11
  5181 | D:5      | Found a staircase to the Ecumenical Temple.
  5200 | Temple   | Entered the Ecumenical Temple
  5200 | Temple   | Found a transporter.
  5200 | Temple   | Found a transporter.
  5202 | Temple   | Found a transporter.
  5202 | Temple   | Found a transporter.
  5522 | D:6      | Reached skill level 12 in Axes
  6007 | D:6      | Found a shimmering blue altar of Sif Muna.
  6042 | D:6      | Found Nilengau's General Store.
  6056 | D:6      | Bought a scroll of enchant armour for 97 gold pieces
  7485 | D:7      | Reached skill level 13 in Axes
  7500 | D:7      | Identified the +7 sling of the Past {heavy, rElec}
  7683 | D:7      | HP: 3/77 [wight/+0 trident (3)]
  7688 | D:7      | HP: 1/75 [wight/+0 trident (6)]
  7951 | D:7      | HP: 2/111 [wight/+2 great sword of protection (5)]
  7954 | D:7      | Slain by a wight

Illustrated notes

Levels and vault maps discovered:
D:1:      dpeg_arrival_castle, layout_basic, ebering_ecumenical_altar_abandoned,
          serial_shops, nicolae_shop_statue_plus
D:2:      layout_basic, uniq_jessica
D:3:      layout_basic, fiery_altar_vehumet
D:4:      layout_cave_pods, uniq_menkaure
D:5:      layout_gridville, old_standard_altar, minmay_temple_entry_glass,
          uniq_pikel, uniq_prince_ribbit1, uniq_blork_the_orc, uniq_sigmund
D:6:      kennysheep_steamy, layout_layer_cave, nicolae_sif_muna_condensation,
          serial_shops, shop, patterned_corridor
D:7:      layout_rooms, amcnicky_mini_corridor_feature,
          hangedman_abyss_or_decor_slice, kennysheep_generic_room_7
D:8:      layout_loops_ring, serial_undead, serial_undead_c, serial_undead_a,
          serial_undead_d, serial_undead_a, serial_undead_d, serial_undead_a,
          serial_undead_d, serial_undead_d, chequers_arboretum
Temple:   hellmonk_temple_divided_pantheon

Skill      XL: |  1  2  3  4  5  6  7  8  9 |
---------------+----------------------------+-----
Fighting       | 3 4 5 6 7 8 |  8.7
Axes           | 5 6 7 8 9 11 13 | 13.3
Armour         | 1 3 5 6 |  6.4
Dodging        | |  1.5
Spellcasting   | |  1.5
Conjurations   | |  3.0

Action                     |  1- 3 |  4- 6 |  7- 9 || total
---------------------------+-------+-------+-------++-------
  Melee: Hand axe          |    37 |       |       ||    37
         War axe           |    79 |   155 |   205 ||   439
         Punch             |     2 |     1 |     3 ||     6
  Throw: Dart              |     2 |     5 |       ||     7
         Boomerang         |       |    28 |    33 ||    61
   Cast: Kiss of Death     |     1 |       |       ||     1
  Evoke: Wand              |       |     1 |     3 ||     4
    Use: Scroll            |     5 |       |    10 ||    15
         Potion            |       |       |     7 ||     7
   Stab: Paralysed         |       |     2 |       ||     2
 Armour: Ring mail         |    23 |       |       ||    23
         Chain mail        |    71 |    74 |    96 ||   241
         Skin              |       |       |    13 ||    13
  Dodge: Dodged            |    63 |    79 |    82 ||   224

Table legend: (Time is in decaauts)
 A = Elapsed time spent in this place.
 B = Non-inter-level travel time spent in this place.
 C = Inter-level travel time spent in this place.
 D = Time resting spent in this place.
 E = Time spent auto-exploring this place.
 F = Levels seen in this place.
 G = Mean time per level.
                   A        B        C        D        E       F      G
               +--------+--------+--------+--------+--------+-----+--------+
         Total |   8022 |   7689 |    333 |    756 |   5424 |   9 |  891.3 |
       Dungeon |   7998 |   7674 |    324 |    756 |   5421 |   8 |  999.8 |
        Temple |     23 |     14 |      9 |      0 |      3 |   1 |   23.0 |
               +--------+--------+--------+--------+--------+-----+--------+

Top non-repeatable levels by time:
     D:5: 1573 daAuts
     D:6: 1551 daAuts
     D:4: 1162 daAuts
     D:7: 1109 daAuts
     D:1: 921 daAuts
     D:3: 899 daAuts
     D:2: 768 daAuts
  Temple: 23 daAuts
     D:8: 13 daAuts
